 Dungeon Crawl Stone Soup version 0.24.0-2-g5b39cebb1c (webtiles) character file.

Game seed: 14883123219861731800, levelgen mode: deterministic

1311 Emblim88 the Archer (level 8, -5/71 HPs)
             Began as a Centaur Hunter on Oct 31, 2019.
             Asphyxiated
             ... on level 6 of the Dungeon.
             The game lasted 00:18:01 (6416 turns).

Emblim88 the Archer (Centaur Hunter)                Turns: 6416, Time: 00:18:02

Health: -5/71      AC: 11    Str: 15    XL:     8   Next: 32%
Magic:  10/10      EV:  2    Int: 10    God:
Gold:   193        SH:  0    Dex: 12    Spells: 7/7 levels left

rFire    + . .     SeeInvis .   E - +1 longbow
rCold    + . .     Gourm    .   (shield currently unavailable)
rNeg     . . .     Faith    .   j - +0 plate armour
rPois    .         Spirit   .   l - +2 hat
rElec    .         Reflect  .   x - +0 cloak
rCorr    .         Harm     .   (no gloves)
MR       .....                  (no barding)
Stlth    ..........             (no amulet)
HPRegen  0.21/turn              J - ring of protection from cold
MPRegen  0.12/turn              I - ring of protection from fire

@: confused, lethally poisoned (-5 -> -48), slowed
A: large, hooves 3, deformed body, speed 2, tough skin 3
a: no special abilities


You were on level 6 of the Dungeon.
You were not hungry.

You visited 1 branch of the dungeon, and saw 6 of its levels.

You collected 193 gold pieces.

Inventory:

Hand Weapons
 w - a +3 quarterstaff of chaos
 E - a +1 longbow (weapon)
Missiles
 c - 220 stones
 d - 82 arrows (quivered)
 g - 2 throwing nets
 m - 24 poisoned darts
 t - 22 bolts
 v - 63 sling bullets
Armour
 j - a +0 plate armour (worn)
 l - a +2 hat (worn)
 x - a +0 cloak (worn)
 D - the +1 leather armour of the Leaf {rElec rF+ MP-9}
   (You found it on level 4 of the Dungeon)

   It protects you from fire.
   It insulates you from electricity.
   It affects your magic capacity (-9).
Jewellery
 e - an uncursed ring of fire
 p - an uncursed ring of fire
 I - a ring of protection from fire (right hand)
 J - a ring of protection from cold (left hand)
Wands
 A - a wand of flame (38)
 G - a wand of acid (11)
Scrolls
 b - a scroll of noise
 h - 3 scrolls of teleportation
 r - a scroll of fog
 s - 3 scrolls of immolation
 F - a scroll of remove curse
Potions
 i - a potion of agility
 k - a potion of mutation
 n - a potion of degeneration
 o - a potion of magic
 q - a potion of curing
 C - a potion of might {unknown}
Comestibles
 f - 7 rations


   Skills:
 + Level 6.5 Fighting
 * Level 10.3 Bows
 - Level 1.3 Dodging
 - Level 0.4 Stealth
 * Level 3.5 Evocations


You had 7 spell levels left.
You didn't know any spells.
Your spell library was empty.

Dungeon Overview and Level Annotations

Branches:
Dungeon (6/15)
 Temple: D:4-7

Altars:
Makhleb
Trog
Zin

Shops:
D:5 [

Annotations:
D:6 Blork the orc


Innate Abilities, Weirdness & Mutations

You have hooves in place of feet.
Armour fits poorly on your strangely shaped body.
You cover ground very quickly.
You have extremely tough skin. (AC +3)


Message History

You are poisoned.
You have difficulty breathing.
You feel yourself slow down.
You see here a curare-tipped dart.
You're too confused to move!
You feel sick.
The orc zaps a wand.
You resist with some effort.
The now-empty wand crumbles to dust.
Blork the orc hits you from afar with a +0 glaive.
* * * LOW HITPOINT WARNING * * *
You bump into the rock wall.
You feel sick.
The orc throws a curare-tipped dart.
The curare-tipped dart hits you.
You are lethally poisoned!
You have difficulty breathing.
* * * LOW HITPOINT WARNING * * *
You feel as though you will be slow longer.
Blork the orc gestures at you while chanting.
The puff of flame hits you. You resist.
* * * LOW HITPOINT WARNING * * *
The orc throws a curare-tipped dart.
The curare-tipped dart hits you.
You are more poisoned.
You have difficulty breathing.
You die...

#..#####..#
##.#......###
#...# #....
##..# #..# #
###..###..###.#
#.....)†......#
#...oo..#..####
#.......#..#
####@####..#
#..# #..# ##.#
#..# #.# #..#
#.# #..#
#.###..#
#..##†.#
##.....#
#..#.##


You could see Blork the orc and an orc.

Vanquished Creatures
  A phantom (D:5)
  A sky beast (D:6)
  2 ogres
  4 centaurs
  A crimson imp (D:5)
  4 hounds
  Crazy Yiuf (D:3)
  A jelly (D:5)
  2 orc priests
  An iguana (D:4)
  2 orc wizards (D:5)
  2 worker ants
  Robin (D:2)
  4 gnolls
  7 adders
  An ooze (D:3)
  4 worms (D:2)
  4 dart slugs
  A leopard gecko (D:3)
  16 orcs
  3 ball pythons
  4 bats
  7 giant cockroaches
  10 goblins
  9 hobgoblins
  4 jackals (D:6)
  3 quokkas
  A ball python skeleton (D:5)
  4 frilled lizards
  8 kobolds
  10 rats
123 creatures vanquished.

Notes
Turn   | Place    | Note
-------+----------+-------------------------------------------
     0 | D:1      | Emblim88 the Centaur Hunter began the quest for the Orb.
     0 | D:1      | Reached XP level 1. HP: 17/17 MP: 1/1
   112 | D:1      | Reached XP level 2. HP: 21/25 MP: 2/2
   373 | D:1      | You fall into a shaft and drop 1 floor!
   373 | D:2      | Found a bloodstained altar of Trog.
   373 | D:2      | Noticed a moth of wrath
   426 | D:2      | Reached skill level 6 in Bows
   483 | D:2      | Reached XP level 3. HP: 7/30 MP: 3/3
  1401 | D:2      | Reached XP level 4. HP: 32/38 MP: 4/4
  1964 | D:3      | Noticed Robin
  2080 | D:2      | Killed Robin
  2080 | D:2      | Reached skill level 7 in Bows
  2094 | D:3      | Reached XP level 5. HP: 36/46 MP: 5/5
  2598 | D:3      | Found a runed translucent door.
  2599 | D:3      | Noticed Crazy Yiuf
  3125 | D:3      | Killed Crazy Yiuf
  3229 | D:4      | Noticed an ogre
  3243 | D:4      | Killed an ogre
  3243 | D:4      | Reached skill level 8 in Bows
  3243 | D:4      | Reached XP level 6. HP: 55/55 MP: 6/6
  3541 | D:4      | Reached skill level 5 in Fighting
  3546 | D:4      | Noticed a two-headed ogre
  4412 | D:4      | Got an ancient leather armour
  4658 | D:4      | Identified the +1 leather armour of the Leaf {rElec rF+
                  | MP-9} (You found it on level 4 of the Dungeon)
  4670 | D:5      | Entered Level 5 of the Dungeon
  4705 | D:5      | Reached XP level 7. HP: 22/61 MP: 3/7
  4934 | D:5      | Found a bloodstained altar of Trog.
  5100 | D:5      | Reached skill level 9 in Bows
  5242 | D:5      | Reached skill level 1 in Evocations
  5301 | D:5      | Found a burning altar of Makhleb.
  5463 | D:5      | Found Jaklurirug's Armour Shoppe.
  5881 | D:5      | Found a glowing silver altar of Zin.
  6123 | D:6      | Reached XP level 8. HP: 70/70 MP: 9/9
  6138 | D:6      | Reached skill level 10 in Bows
  6390 | D:6      | Noticed Blork the orc
  6416 | D:6      | Asphyxiated

Levels and vault maps discovered:
D:1:      mrwooster_arrival_statue_3, layout_basic
D:2:      layout_loops_ring, tgw_trog, kennysheep_generic_room_7
D:3:      layout_loops_ring, kennysheep_generic_room_13,
          uniq_crazy_yiuf_cottage, uniq_robin
D:4:      layout_gridville
D:5:      layout_basic, makhleb_blood_cavern_becter, first_ration, basic_altar,
          serial_shops, shop, minmay_ruined_shrine
D:6:      minmay_bubble_buster, layout_basic, old_standard_altar,
          minmay_overflow_temple_hex, led_sif_pool, kennysheep_mini_moat,
          temple_fountains, uniq_blork_the_orc

Skill      XL: |  1  2  3  4  5  6  7  8 |
---------------+-------------------------+-----
Bows           | 6 7 8 9 10 | 10.3
Fighting       | 3 4 5 6 |  6.5
Evocations     | 2 3 |  3.5
Dodging        | |  1.3
Stealth        | |  0.4

Action                   |  1- 3 |  4- 6 |  7- 9 || total
-------------------------+-------+-------+-------++-------
Melee: Short sword       |    21 |    27 |       ||    48
       Kick              |     4 |     7 |     2 ||    13
       Quarterstaff      |       |     5 |       ||     5
       Shortbow          |       |       |     2 ||     2
       Longbow           |       |       |     1 ||     1
 Fire: Shortbow          |    82 |   199 |    14 ||   295
       Longbow           |       |       |   119 ||   119
Throw: Stone             |       |    30 |       ||    30
  Use: Scroll            |       |     8 |     7 ||    15
       Potion            |       |     4 |     1 ||     5
  Eat: Chunk             |       |     4 |       ||     4
       Ration            |       |     1 |     2 ||     3
Armor: Leather armour    |    20 |       |       ||    20
       Plate armour      |    14 |    99 |    71 ||   184
Dodge: Dodged            |    45 |    11 |    11 ||    67
